 Dungeon Crawl Stone Soup version 0.26-a0-812-g31a745ddcd (webtiles) character file.

Game seed: 4561703073538482337

47 Borgoz the Cudgeller (level 3, 0/22 HPs)
             Began as a Gargoyle Gladiator on Dec 8, 2020.
             Slain by a gnoll
             ... wielding a +0 flail
              (3 damage)
             ... on level 2 of the Dungeon.
             The game lasted 00:01:14 (1159 turns).

Borgoz the Cudgeller (Gargoyle Gladiator)           Turns: 1159, Time: 00:01:15

Health: 0/22       AC:  9    Str: 18    XL:     3   Next: 70%
Magic:  3/3        EV:  6    Int:  8    God:
Gold:   69         SH:  0    Dex: 11    Spells: 2/2 levels left

rFire    + . .     SeeInvis .   a - +0 flail
rCold    + . .     Faith    .   (no shield)
rNeg     + . .     Spirit   .   i - +1 leather armour {rF+}
rPois    ∞         Reflect  .   p - +2 hat
rElec    +         Harm     .   (no cloak)
rCorr    +         Rampage  .   (no gloves)
MR       .....                  (no boots)
Stlth    +.........             (no amulet)
HPRegen  0.07/turn              h - ring of resist corrosion
MPRegen  0.08/turn              o - ring of protection from cold

@: held
A: negative energy resistance 1, electricity resistance, unbreathing,
petrification resistance, rot immunity, AC +3
a: no special abilities


You were on level 2 of the Dungeon.
You visited 1 branch of the dungeon, and saw 2 of its levels.

You collected 69 gold pieces.

Inventory:

Hand Weapons
 a - a +0 flail (weapon)
Missiles
 d - 3 throwing nets (quivered)
Armour
 c - a +0 pair of boots
 i - a +1 leather armour of fire resistance (worn)
 p - a +2 hat (worn)
Jewellery
 h - a ring of resist corrosion (left hand)
 o - a ring of protection from cold (right hand)
Scrolls
 b - a scroll of remove curse {unknown}
 g - 3 scrolls of magic mapping {unknown}
 j - a scroll of fear {unknown}
 l - a scroll of fog {unknown}
 m - 2 scrolls of identify
 t - 2 scrolls of blinking {unknown}
 u - a scroll of teleportation {unknown}
Potions
 e - a potion of flight {unknown}
 f - a potion of magic {unknown}
 k - a potion of curing {unknown}
 n - 2 potions of haste {unknown}
 r - a potion of resistance {unknown}
 s - a potion of berserk rage {unknown}
 v - a potion of ambrosia {unknown}


   Skills:
 + Level 2.7 Fighting
 * Level 3.7 Maces & Flails
 - Level 1.7 Throwing
 + Level 1.3 Armour
 + Level 2.7 Dodging


You had 2 spell levels left.
You didn't know any spells.
Your spell library was empty.

Dungeon Overview and Level Annotations

Branches:
Dungeon (2/15)

Altars:


Innate Abilities, Weirdness & Mutations

You are resistant to torment.
Your stone body is resilient. (AC +3)
You are immune to poison.
You resist negative energy. (rN+)
You are resistant to electric shocks. (rElec)
You can survive without breathing.
You are immune to petrification.
You are immune to rotting.


Message History

The frilled lizard bites you but does no damage.
The gnoll barely misses you.
You closely miss the frilled lizard. The gnoll hits you with a +0 flail.
The frilled lizard barely misses you. The gnoll closely misses you.
You hit the frilled lizard.
You kill the frilled lizard!
The gnoll hits you but does no damage. The gnoll hits you with a +0 club.
You sock the gnoll!
You kill the gnoll!
The gnoll hits you with a +0 flail. The gnoll hits you with a +0 flail!
* * * LOW HITPOINT WARNING * * *
Things that are here:
a +0 club; a +0 halberd of freezing; a gnoll corpse You hit the gnoll.
The gnoll is almost dead.
The gnoll throws a throwing net.
The throwing net hits you.
You become entangled in the net!
You struggle against the net.
The gnoll hits you with a +0 flail.
You die...

###..#)#
#......#
##.###..##
#..#⌠#...####
##
#..###......+
+.
#........#.##
##
#.##.#...#.#
#l...#.#.#.#
###.#g@.#.#
##.##.# #g#
.# .B. .#
##.# #.# #..
###


You could see 2 gnolls and a giant cockroach.

Vanquished Creatures
  2 gnolls (D:2)
  An ooze (D:2)
  A worm (D:2)
  A dart slug (D:2)
  3 bats (D:1)
  A goblin (D:2)
  6 hobgoblins
  A frilled lizard (D:2)
  2 kobolds
  A rat (D:1)
19 creatures vanquished.

Notes
Turn   | Place    | Note
-------+----------+-------------------------------------------
     0 | D:1      | Borgoz the Gargoyle Gladiator began the quest for the Orb.
     0 | D:1      | Reached XP level 1. HP: 12/12 MP: 1/1
   361 | D:1      | Reached XP level 2. HP: 14/18 MP: 2/2
   969 | D:2      | Reached skill level 1 in Armour
   969 | D:2      | Reached XP level 3. HP: 17/22 MP: 3/3
  1159 | D:2      | Slain by a gnoll

Illustrated notes

Levels and vault maps discovered:
D:1:      dpeg_arrival_signposts, layout_basic, minmay_tall_x
D:2:      layout_loops_corners, minmay_liquid_box, feat_on_display

Skill      XL: |  1  2 |
---------------+-------+-----
Armour         | 1 |  1.3
Fighting       | |  2.7
Maces & Flails | |  3.7
Throwing       | |  1.7
Dodging        | |  2.7

Action                   || total
-------------------------++-------
Melee: Flail             ||    74
  Use: Scroll            ||     1
       Potion            ||     1
Armor: Leather armour    ||    41
Dodge: Dodged            ||    76

Table legend: (Time is in decaauts)
 A = Elapsed time spent in this place.
 B = Non-inter-level travel time spent in this place.
 C = Inter-level travel time spent in this place.
 D = Time resting spent in this place.
 E = Time spent auto-exploring this place.
 F = Levels seen in this place.
 G = Mean time per level.
                   A        B        C        D        E       F      G
               +--------+--------+--------+--------+--------+-----+--------+
         Total |   1174 |   1114 |     60 |      0 |    917 |   2 |  587.0 |
       Dungeon |   1174 |   1114 |     60 |      0 |    917 |   2 |  587.0 |
               +--------+--------+--------+--------+--------+-----+--------+

Top non-repeatable levels by time:
     D:1: 760 daAuts
     D:2: 414 daAuts
